 Dungeon Crawl Stone Soup version 0.27-a0-1149-g4505690ab0 (webtiles) character file.

Game seed: 17704865027839395138

1012 robertstho the Magician (level 8, -2/50 HPs)
             Began as a Djinni Conjurer on May 12, 2021.
             Slain by a yak (10 damage)
             ... on level 4 of the Dungeon.
             The game lasted 00:05:33 (5381 turns).

robertstho the Magician (Djinni Conjurer)           Turns: 5381, Time: 00:05:34

Health: -2/50      AC:  3    Str:  6    XL:     8   Next: 45%
Gold:   142        EV: 12    Int: 22    God:
                   SH:  0    Dex: 12

rFire    + + .     SeeInvis .   d - +0 short sword
rCold    x . .     Faith    .   (no shield)
rNeg     . . .     Spirit   .   a - +0 robe
rPois    ∞         Reflect  .   h - +0 helmet
rElec    .         Harm     .   (no cloak)
rCorr    .         Rampage  .   (no gloves)
Will     .....                  (boots unavailable)
Stlth    ++........             (no amulet)
HPRegen  0.16/turn              (no ring)
MPRegen  0.00/turn              (no ring)

@: flying
A: sickness immunity, fire resistance 2, cold vulnerability 1, float, innate
caster, hp casting, extra vitality 1
a: no special abilities


You were on level 4 of the Dungeon.
You visited 1 branch of the dungeon, and saw 4 of its levels.

You collected 142 gold pieces.

Inventory:

Hand Weapons
 d - a +0 short sword (weapon)
Missiles
 b - 4 curare-tipped darts
Armour
 a - a +0 robe (worn)
 h - a +0 helmet (worn)
Jewellery
 f - a ring of see invisible
 j - a ring of fire
Wands
 i - a wand of iceblast (18)
 k - a wand of digging (7)
 l - a wand of flame (15)
Scrolls
 c - 4 scrolls of teleportation {unknown}
 e - a scroll of amnesia {unknown}
 g - 3 scrolls of identify {unknown}
 m - a scroll of acquirement {unknown}
Potions
 n - a potion of magic {unknown}


   Skills:
 + Level 0.1 Fighting
 + Level 3.2 Dodging
 + Level 3.5 Stealth
 + Level 7.1 Spellcasting


You had one spell level left.
You knew the following spells:

 Your Spells              Type           Power      Damage    Failure   Level
a - Magic Dart            Conj           100%       1d8       1%          1
b - Searing Ray           Conj           78%        3d6       1%          2
c - Dazzling Flash        Conj/Hex       78%        N/A       1%          3
d - Fulminant Prism       Conj/Hex       19%        3d11      4%          4
e - Iskenderun's Mystic   Conj/Tloc      39%        2d9       4%          4
f - Corona                Hex            43%        N/A       1%          1
g - Poisonous Vapours     Pois/Air       78%        N/A       1%          2
h - Frozen Ramparts       Ice            78%        1d9       1%          3
Your spell library was empty.

Dungeon Overview and Level Annotations

Branches:
Dungeon (4/15)
 Temple: D:4-7

Altars:


Innate Abilities, Weirdness & Mutations

You are immune to sickness and miasma.
You are immune to poison.
Your flesh is very heat resistant. (rF++)
You are vulnerable to cold. (rC-)
You float through the air rather than walking.
You learn spells naturally, not from books.
Your magical power is your life essence.
You have superior vitality. (+4 HP)


Message History

The searing ray hits the yak.
The yak is lightly wounded.
The yak barely misses you.
The searing ray hits the yak.
The yak is severely wounded.
The searing ray hits the yak.
The yak is heavily wounded.
The searing ray hits the yak!
The yak is heavily wounded.
You finish channeling your searing ray.
The yak closely misses you.
Casting: Searing Ray (safe; 1% risk of failure)
Confirm with . or Enter, or press ? or * to list all spells.
Aiming: Searing Ray (safe; 1% risk of failure)
Press: ? - help, Shift-Dir - straight line, f - yak
Aim: a yak (severely wounded, 88% to hit)
The searing ray hits the yak.
The yak is severely wounded. (Press . to maintain the ray.)
The yak gores you!
* * * LOW HITPOINT WARNING * * *
The searing ray hits the yak!
You kill the yak!
The searing ray hits the yak!
The yak is severely wounded.
The searing ray hits the yak!
The yak is severely wounded.
* * * LOW HITPOINT WARNING * * *
Your Spellcasting skill increases to level 7!
The searing ray hits the yak!
The yak is almost dead.
The searing ray misses the yak.
* * * LOW HITPOINT WARNING * * *
The yak barely misses you.
The searing ray hits the yak!
You kill the yak!
The searing ray hits the yak!
The yak is almost dead.
* * * LOW HITPOINT WARNING * * *
You finish channeling your searing ray.
The yak gores you!
You die...

.# #.# #.# . #.# #
#.# # ..# .###
#.######Y# # .....
......Y@.#
##...#####.######.#
##..... .... #.#
##...# #..######.#
#....# #.........#
.....# #...###.###
..#..####.#.# #.#
............# #.#
###...###)#.# #.#


You could see 2 yaks.

Vanquished Creatures
  4 yaks (D:4)
  A sky beast (D:4)
  An ogre (D:4)
  2 scorpions (D:4)
  A hound (D:4)
  A bullfrog skeleton (D:4)
  Natasha (thrice) (D:3)
  2 hound skeletons (D:3)
  3 adders (D:4)
  3 gnolls (D:3)
  An adder zombie (D:3)
  2 adder skeletons
  3 worms
  5 dart slugs
  6 orcs
  5 endoplasms
  2 giant cockroaches (D:2)
  5 goblins
  4 hobgoblins
  3 jackals (D:1)
  4 kobolds
  2 quokkas
  6 ball pythons
  2 frilled lizards
  2 quokka zombies (D:3)
  7 rats
80 creatures vanquished.

Vanquished Creatures (others)
  10 withered plants (D:3)
10 creatures vanquished.

Grand Total: 90 creatures vanquished

Notes
Turn   | Place    | Note
-------+----------+-------------------------------------------
     0 | D:1      | robertstho the Djinni Conjurer began the quest for the Orb.
     0 | D:1      | Reached XP level 1. HP: 15/15 MP: 0/0
   348 | D:1      | Reached XP level 2. HP: 18/21 MP: 0/0
   591 | D:1      | Found a faded altar of an unknown god.
   868 | D:1      | Reached XP level 3. HP: 9/25 MP: 0/0
   868 | D:1      | Learned a level 1 spell: Corona
  1861 | D:2      | Reached skill level 4 in Spellcasting
  2870 | D:3      | Reached XP level 4. HP: 14/31 MP: 0/0
  3414 | D:3      | Noticed Natasha
  3417 | D:3      | Killed Natasha
  3418 | D:3      | Reached XP level 5. HP: 24/35 MP: 0/0
  3418 | D:3      | Learned a level 2 spell: Poisonous Vapours
  3680 | D:3      | Noticed Natasha
  3684 | D:3      | Killed Natasha
  3924 | D:3      | Noticed Natasha
  4245 | D:4      | Noticed a sky beast
  4254 | D:4      | Killed a sky beast
  4255 | D:4      | Reached skill level 5 in Spellcasting
  4255 | D:4      | Reached XP level 6. HP: 13/40 MP: 0/0
  4365 | D:3      | Killed Natasha
  4638 | D:4      | Reached XP level 7. HP: 38/45 MP: 0/0
  4638 | D:4      | Learned a level 3 spell: Frozen Ramparts
  4852 | D:4      | Reached skill level 6 in Spellcasting
  5368 | D:4      | Noticed a yak
  5368 | D:4      | Noticed a yak
  5369 | D:4      | Noticed a yak
  5371 | D:4      | Noticed a yak
  5372 | D:4      | Noticed a yak
  5374 | D:4      | Killed a yak
  5374 | D:4      | Noticed a yak
  5375 | D:4      | Reached XP level 8. HP: 30/50 MP: 0/0
  5375 | D:4      | Killed a yak
  5379 | D:4      | Killed a yak
  5380 | D:4      | Reached skill level 7 in Spellcasting
  5381 | D:4      | Killed a yak
  5381 | D:4      | Slain by a yak

Illustrated notes

Levels and vault maps discovered:
D:1:      saegor_arrival_simple_d, layout_basic,
          shapermc_ecumenical_altar_mp_highgroup, minmay_misc_feat_diagonals
D:2:      layout_basic, serial_aquarium, aquarium_bridge_square
          [aquarium_subvault_wall, aquarium_subvault_bridge,
          aquarium_subvault_bridge, aquarium_subvault_wall],
          aquarium_window_corner, aquarium_window_2, aquarium_window_corridor_3,
          aquarium_view_2e, aquarium_view_2c, aquarium_balcony_3a
D:3:      layout_loops_ring, serial_undead, serial_undead_f, serial_undead_f,
          serial_undead_d, serial_undead_b, serial_undead_a, serial_undead_b,
          serial_park_tiny_1, uniq_natasha
D:4:      layout_basic, serial_shops, nicolae_shop_behind_doors

Skill      XL: |  1  2  3  4  5  6  7  8 |
---------------+-------------------------+-----
Spellcasting   | 4 5 6 7 |  7.1
Stealth        | 2 3 |  3.5
Dodging        | 3 |  3.2
Fighting       | |  0.1

Action                   |  1- 3 |  4- 6 |  7- 9 || total
-------------------------+-------+-------+-------++-------
Melee: Short sword       |       |     3 |       ||     3
 Cast: Magic Dart        |    82 |    12 |     4 ||    98
       Searing Ray       |     1 |    27 |    13 ||    41
       Poisonous Vapours |       |     4 |       ||     4
Armor: Robe              |     2 |     2 |     2 ||     6
Dodge: Dodged            |     9 |     6 |     9 ||    24

Table legend: (Time is in decaauts)
 A = Elapsed time spent in this place.
 B = Non-inter-level travel time spent in this place.
 C = Inter-level travel time spent in this place.
 D = Time resting spent in this place.
 E = Time spent auto-exploring this place.
 F = Levels seen in this place.
 G = Mean time per level.
                   A        B        C        D        E       F      G
               +--------+--------+--------+--------+--------+-----+--------+
         Total |   5381 |   5293 |     88 |    463 |   4459 |   4 | 1345.2 |
       Dungeon |   5381 |   5293 |     88 |    463 |   4459 |   4 | 1345.2 |
               +--------+--------+--------+--------+--------+-----+--------+

Top non-repeatable levels by time:
     D:3: 1653 daAuts
     D:1: 1525 daAuts
     D:2: 1276 daAuts
     D:4: 925 daAuts
